 Dungeon Crawl Stone Soup version 0.27.1-1-g398f81649c (webtiles) character file.

Game seed: 11378279584167601979

151 NFM the Skirmisher (level 5, -2/47 HPs)
             Began as a Hill Orc Fighter on Sept 17, 2021.
             Slain by a gnoll (4 damage)
             ... on level 3 of the Dungeon.
             The game lasted 00:15:44 (4071 turns).

NFM the Skirmisher (Hill Orc Fighter)               Turns: 4071, Time: 00:15:44

Health: -2/47      AC:  7    Str: 20    XL:     5   Next: 33%
Magic:  0/5        EV:  7    Int:  8    God:
Gold:   109        SH:  9    Dex: 10    Spells: 4/4 levels left

rFire    . . .     SeeInvis .   e - +3 dagger (holy)
rCold    + . .     Faith    .   c - +0 kite shield
rNeg     . . .     Spirit   +   b - +0 scale mail
rPois    .         Reflect  .   (no helmet)
rElec    .         Harm     .   (no cloak)
rCorr    .         Rampage  .   (no gloves)
Will     .....                  (no boots)
Stlth    ..........             i - amulet of guardian spirit
HPRegen  0.15/turn              g - ring of protection from cold
MPRegen  0.09/turn              (no ring)

@: no status effects
A: no striking features
a: no special abilities


You were on level 3 of the Dungeon.
You visited 1 branch of the dungeon, and saw 3 of its levels.

You collected 109 gold pieces.

Inventory:

Hand Weapons
 a - a +0 war axe
 e - a +3 dagger of holy wrath (weapon)
 n - a +1 rapier of venom
Armour
 b - a +0 scale mail (worn)
 c - a +0 kite shield (worn)
Jewellery
 g - a ring of protection from cold (left hand)
 i - an amulet of guardian spirit (around neck)
 l - an amulet of reflection
Wands
 k - a wand of paralysis (2)
Scrolls
 f - 2 scrolls of identify
 m - a scroll of immolation {unknown}
Potions
 d - a potion of might
 h - a potion of haste
 j - a potion of degeneration {unknown}


   Skills:
 + Level 4.4 Fighting
 + Level 1.8 Short Blades
 + Level 3.1 Axes
 + Level 4.4 Armour
 + Level 0.6 Dodging
 + Level 0.2 Stealth
 + Level 4.1 Shields


You had 4 spell levels left.
You didn't know any spells.
Your spell library contained the following spells:

 Spells                   Type           Power      Damage    Failure   Level
 Ensorcelled Hibernation  Hex/Ice        0%         N/A       100%        2
 Conjure Flame            Conj/Fire      0%         6-21      100%        3
 Ignite Poison            Fire/Tmut/Pois 0%         N/A       100%        3
 Ozocubu's Armour         Ice            0%         N/A       100%        3
 Stone Arrow              Conj/Erth      0%         3d7       100%        3
 Iskenderun's Mystic Bla  Conj/Tloc      0%         2d3       100%        4
 Leda's Liquefaction      Hex/Erth       0%         N/A       100%        4
 Sticky Flame             Conj/Fire      0%         2d3       100%        4
 Bolt of Magma            Conj/Fire/Erth 0%         4d4       100%        5
 Starburst                Conj/Fire      0%         6d3       100%        6
 Statue Form              Tmut/Erth      0%         N/A       100%        6
 Ozocubu's Refrigeration  Ice            0%         4d5       100%        7


Dungeon Overview and Level Annotations

Branches:
Dungeon (3/15)

Altars:


Message History

The gnoll shaman hits you with a +0 whip.
The gnoll barely misses you.
You hit the gnoll shaman but do no damage.
The gnoll shaman is severely wounded.
You block the gnoll shaman's attack. The gnoll closely misses you.
You hit the gnoll shaman.
The gnoll shaman is almost dead.
The gnoll shaman calls upon its god to speed up the gnoll.
The gnoll seems to speed up.
The gnoll hits you but does no damage.
You hit the gnoll shaman but do no damage.
The gnoll shaman is almost dead.
The gnoll hits you from afar with a +0 halberd!
The gnoll shaman utters an invocation to its god.
The gnoll shaman is healed somewhat.
You hit the gnoll shaman.
The gnoll shaman is severely wounded.
The gnoll hits you but does no damage.
The gnoll hits you from afar with a +0 halberd!
* * * LOW HITPOINT WARNING * * *
You block the gnoll shaman's attack.
You hit the gnoll shaman but do no damage.
The gnoll shaman is severely wounded.
You are no longer glowing.
The gnoll barely misses you. You block the gnoll shaman's attack.
You block the gnoll's attack.
You barely miss the gnoll shaman.
The gnoll shaman is severely wounded.
You hit the gnoll shaman but do no damage.
The gnoll shaman is severely wounded.
The gnoll shaman barely misses you. You block the gnoll shaman's attack.
The gnoll hits you with a +0 flail!
* * * LOW HITPOINT WARNING * * *
You barely miss the gnoll shaman.
The gnoll shaman is severely wounded.
The gnoll shaman invokes the aid of its god against you.
You resist with some effort.
You completely miss the gnoll shaman.
The gnoll shaman is heavily wounded.
The gnoll hits you from afar with a +0 halberd.
You die...

##.###### ##.## #...#
#.......###...####....
#..####.##.....#......
#..##..g......g.......
#.....#.####.###......
#.#####.# ### ###...#
#.# #.# #...#
#.#####g# #####
#....@gg# #########


You could see a gnoll shaman and 2 gnolls.

Vanquished Creatures
  A necrophage (D:3)
  2 gnolls
  A white imp (D:3)
  An orc (D:3)
  7 ball pythons
  2 endoplasms (D:2)
  A giant cockroach (D:1)
  5 goblins
  5 hobgoblins
  3 jackals (D:1)
  A quokka (D:2)
  2 bats
  2 frilled lizards
  4 kobolds
  3 rats
40 creatures vanquished.

Notes
Turn   | Place    | Note
-------+----------+-------------------------------------------
     0 | D:1      | NFM the Hill Orc Fighter began the quest for the Orb.
     0 | D:1      | Reached XP level 1. HP: 19/19 MP: 1/1
   104 | D:1      | Reached XP level 2. HP: 26/27 MP: 2/2
   128 | D:1      | Got the Compendium of Battle Magic and Ice
   140 | D:1      | Found a faded altar of an unknown god.
   885 | D:1      | Reached XP level 3. HP: 33/33 MP: 3/3
  3197 | D:3      | Noticed a necrophage
  3249 | D:3      | Killed a necrophage
  3250 | D:3      | Reached skill level 1 in Short Blades
  3250 | D:3      | Reached XP level 4. HP: 26/41 MP: 1/4
  3250 | D:3      | Reached XP level 5. HP: 30/47 MP: 1/5
  4068 | D:3      | HP: 1/47 [gnoll (8)]
  4071 | D:3      | Slain by a gnoll

Illustrated notes

Levels and vault maps discovered:
D:1:      dpeg_arrival_rhombi, layout_basic, ebering_ecumenical_altar_abandoned
D:2:      layout_loops_corners
D:3:      layout_loops_corners, gammafunk_temple_overflow_claw, st_stairs_2

Skill      XL: |  1  2  3 |
---------------+----------+-----
Axes           | 3 |  3.1
Fighting       | 4 |  4.4
Short Blades   | 1 |  1.8
Armour         | 4 |  4.4
Shields        | 4 |  4.1
Dodging        | |  0.6
Stealth        | |  0.2

Action                   |  1- 3 |  4- 6 || total
-------------------------+-------+-------++-------
Melee: War axe           |    17 |       ||    17
       Dagger            |   112 |    39 ||   151
  Use: Scroll            |     6 |       ||     6
Armor: Scale mail        |    42 |     8 ||    50
Dodge: Dodged            |    45 |    11 ||    56
Block: Kite shield       |    55 |    31 ||    86
